[Event "Titled Tuesday Blitz March 15 Early 2022"]
[White "Ansh M Shah"]
[Black "Pranav Anand"]
[WhiteFideId "25033379"]
[BlackFideId "46626786"]
[WhiteElo "1819"]
[BlackElo "2259"]
[Result "0-1"]
[Round "01"]
[TimeControl "180+1"]
[Date "2022.03.15"]
[WhiteClock "0:00:09"]
[BlackClock "0:01:52"]

1. d4 Nf6 2. c4 b6 3. Nf3 Bb7 4. g3 e6 5. Bg2 Bb4+ 6. Bd2 Be7 7. O-O O-O 8. Nc3 d5 9. Rc1 a6 10. Ne5 Nbd7 11. Bg5 c6 12. Nxd7 Qxd7 13. cxd5 exd5 14. Qb3 b5 15. Rfd1 Rfe8 16. Bxf6 Bxf6 17. e4 Rad8 18. exd5 cxd5 19. a4 Bc6 20. axb5 axb5 21. Na2 Be7 22. Nb4 Bb7 23. Rc2 Qd6 24. Nd3 Bf6 25. Qxb5 Ba6 26. Qc5 Bxd3 27. Rxd3 Re1+ 28. Bf1 Qe6 29. Qc7 Qh3 0-1


[Site "https://www.chess.com"]

[Event "Titled Tuesday Blitz March 15 Early 2022"]
[White "Arabidze, Meri"]
[Black "Van den Dikkenberg, Erik"]
[WhiteFideId "13604040"]
[BlackFideId "1005880"]
[WhiteElo "2335"]
[BlackElo "2118"]
[Result "1-0"]
[Round "01"]
[TimeControl "180+1"]
[Date "2022.03.15"]
[WhiteClock "0:01:53"]
[BlackClock "0:01:04"]

1. d4 Nf6 2. g3 g6 3. Bg2 Bg7 4. Nf3 O-O 5. O-O d6 6. a4 Nc6 7. a5 a6 8. Nc3 Bg4 9. d5 Bxf3 10. exf3 Ne5 11. f4 Ned7 12. Re1 Re8 13. Be3 Nc5 14. Bd4 Rc8 15. b4 Ncd7 16. Qd3 c5 17. dxc6 bxc6 18. Qxa6 c5 19. bxc5 Nxc5 20. Qe2 Ne6 21. Bb6 Qd7 22. Ra3 Rxc3 23. Rxc3 Ne4 24. Ra3 Nc3 25. Qd3 Nb5 26. Ra2 Nc3 27. Raa1 Rb8 28. a6 Rxb6 29. a7 Nc7 30. a8=Q+ Nxa8 31. Rxa8+ Bf8 32. Qxc3 1-0


[Site "https://www.chess.com"]

[Event "Titled Tuesday Blitz March 15 Early 2022"]
[White "Araujo Filho, Luiz Antonio Coel"]
[Black "Yaniuk, Volodymyr"]
[WhiteFideId "2130661"]
[BlackFideId "14133083"]
[WhiteElo "2167"]
[BlackElo "2207"]
[Result "1-0"]
[Round "01"]
[TimeControl "180+1"]
[Date "2022.03.15"]
[WhiteClock "0:00:17"]
[BlackClock "0:00:27"]

1. d4 d5 2. Nf3 Nf6 3. e3 Bf5 4. Bd3 Bg6 5. O-O e6 6. b3 Nbd7 7. Bb2 c5 8. c4 cxd4 9. exd4 b6 10. Ne5 Bxd3 11. Qxd3 dxc4 12. Qxc4 Rc8 13. Qa4 Qc7 14. Na3 Qb7 15. Rac1 a6 16. Rxc8+ Qxc8 17. Rc1 Qb7 18. Qc6 Qxc6 19. Rxc6 Nd5 20. Nac4 b5 21. Rc8+ Ke7 22. Ba3+ b4 23. Nc6+ Kf6 24. Bxb4 Nxb4 25. Nxb4 h5 26. Nxa6 h4 27. Nc5 Nxc5 28. dxc5 Ke7 29. b4 Rh5 30. a4 Rd5 31. Kf1 Rd4 32. Nd6 Rxb4 33. Re8+ Kd7 34. Rxf8 Rxa4 35. Rxf7+ Kc6 36. Rxg7 Kxc5 37. Nf7 Kd4 38. Rg4+ Kd3 39. Rxa4 e5 40. Rxh4 e4 41. Nd6 e3 42. fxe3 Kxe3 43. Ra4 Kd3 44. g4 Kd2 45. g5 Ke3 46. g6 Kf3 47. g7 Ke3 48. g8=Q Kf3 49. Qg3# 1-0


[Site "https://www.chess.com"]

[Event "Titled Tuesday Blitz March 15 Early 2022"]
[White "Atakhan, Abtin"]
[Black "Sanchez, Robert"]
[WhiteFideId "22502203"]
[BlackFideId "2034360"]
[WhiteElo "2119"]
[BlackElo "2277"]
[Result "1-0"]
[Round "01"]
[TimeControl "180+1"]
[Date "2022.03.15"]
[WhiteClock "0:00:23"]
[BlackClock "0:00:03"]

1. c4 e6 2. g3 d5 3. Nf3 Nf6 4. Bg2 Be7 5. O-O O-O 6. b3 d4 7. Bb2 c5 8. e3 Nc6 9. exd4 cxd4 10. Re1 a5 11. a3 Bc5 12. Ne5 Qd6 13. Nxc6 bxc6 14. d3 e5 15. Nd2 Bg4 16. Qc2 Rfe8 17. Ne4 Nxe4 18. Rxe4 Bf5 19. Re2 Ra7 20. Rae1 Rae7 21. Bc1 Bd7 22. f4 Bg4 23. Re4 exf4 24. Bxf4 Qd7 25. Qb2 Bf5 26. Rxe7 Rxe7 27. Qd2 Bxa3 28. Qxa5 Rxe1+ 29. Qxe1 Bxd3 30. Qa5 Qe7 31. Qa8+ Qf8 32. Qxc6 h6 33. Bd5 Qb4 34. Qe8+ Kh7 35. Bxf7 Qf8 36. Qxf8 Bxf8 37. Be5 Bc5 38. b4 Bxb4 39. Bxd4 g6 40. Bd5 Bf5 41. c5 g5 42. c6 Bd6 43. Kf2 Kg6 44. Kf3 h5 45. Be4 1-0


[Site "https://www.chess.com"]

[Event "Titled Tuesday Blitz March 15 Early 2022"]
[White "Avazkhonov, Alikhon"]
[Black "Aghamaliyev, Cemil"]
[WhiteFideId "14208504"]
[BlackFideId "13400215"]
[WhiteElo "1739"]
[BlackElo "2762"]
[Result "0-1"]
[Round "01"]
[TimeControl "180+1"]
[Date "2022.03.15"]
[WhiteClock "0:00:04"]
[BlackClock "0:01:08"]

1. f4 d5 2. Nf3 Bg4 3. e3 Nd7 4. d4 Ngf6 5. h3 Bf5 6. Bd3 e6 7. O-O Be7 8. c4 O-O 9. Nc3 c6 10. Qc2 g6 11. b3 Rc8 12. g4 Bxd3 13. Qxd3 Bb4 14. a3 Bxc3 15. Qxc3 Ne4 16. Qd3 f5 17. Bd2 fxg4 18. hxg4 g5 19. Kg2 Qf6 20. Ne5 Qg7 21. Nxd7 Qxd7 22. fxg5 Qc7 23. Rf4 Nxg5 24. Raf1 Ne4 25. Rxf8+ Rxf8 26. Rxf8+ Kxf8 27. Bb4+ Kg8 28. Be1 Qe7 29. b4 Qg5 30. Kh3 Qg6 31. Qf1 Ng5+ 32. Kg3 Qc2 33. Qf4 h6 34. Qb8+ Kg7 35. Qxb7+ Kg6 36. Qxc6 Ne4+ 37. Kf3 Qd1+ 38. Kf4 Nf6 39. Qxe6 Qxe1 40. cxd5 Qf2+ 41. Ke5 Qg3# 0-1


[Site "https://www.chess.com"]

[Event "Titled Tuesday Blitz March 15 Early 2022"]
[White "Babazada, Khazar"]
[Black "Popadic, Dragan"]
[WhiteFideId "13413554"]
[BlackFideId "913650"]
[WhiteElo "2799"]
[BlackElo "2421"]
[Result "1/2-1/2"]
[Round "01"]
[TimeControl "180+1"]
[Date "2022.03.15"]
[WhiteClock "0:01:07"]
[BlackClock "0:01:28"]

1. Nf3 Nf6 2. b3 g6 3. Bb2 Bg7 4. c4 O-O 5. e3 c5 6. Be2 d6 7. O-O Nc6 8. d4 Bf5 9. d5 Na5 10. Nfd2 a6 11. Nc3 Rb8 12. f3 Bd7 13. Qc2 b5 14. Rae1 bxc4 15. bxc4 e5 16. f4 exf4 17. Rxf4 Qe7 18. e4 Bc8 19. Ba1 Nd7 20. Nf3 Ne5 21. Nxe5 Bxe5 22. Rff1 Qh4 23. g3 Bxg3 24. hxg3 Qxg3+ 25. Kh1 Qh3+ 26. Kg1 Qg3+ 1/2-1/2


[Site "https://www.chess.com"]

[Event "Titled Tuesday Blitz March 15 Early 2022"]
[White "Baskin, Robert"]
[Black "Bogumil, Tatiana"]
[WhiteFideId "24662402"]
[BlackFideId "4110579"]
[WhiteElo "2488"]
[BlackElo "1761"]
[Result "1-0"]
[Round "01"]
[TimeControl "180+1"]
[Date "2022.03.15"]
[WhiteClock "0:01:07"]
[BlackClock "0:00:01"]

1. d4 Nf6 2. c4 c5 3. d5 b5 4. cxb5 a6 5. bxa6 Bxa6 6. Nc3 d6 7. e4 Bxf1 8. Kxf1 Nbd7 9. g3 g6 10. Kg2 Bg7 11. Nf3 O-O 12. a4 Qb6 13. Qe2 Qa6 14. Nb5 Rfb8 15. Ra3 Ne8 16. Re1 Rb7 17. Bg5 Ndf6 18. Nd2 Nc7 19. Nxc7 Qxe2 20. Rxe2 Rxc7 21. Nc4 Rb7 22. a5 h6 23. Bd2 Ne8 24. Bc3 Nc7 25. Bxg7 Kxg7 26. e5 Nxd5 27. exd6 exd6 28. Nxd6 Rba7 29. Nc4 Nc7 30. Re7 Nb5 31. Rae3 Kf6 32. R7e5 Rc7 33. Nb6 Rxa5 34. Nd5+ 1-0


[Site "https://www.chess.com"]

[Event "Titled Tuesday Blitz March 15 Early 2022"]
[White "Bettalli, Francesco"]
[Black "Riazantsev, Alexander"]
[WhiteFideId "2816453"]
[BlackFideId "4125029"]
[WhiteElo "2216"]
[BlackElo "2595"]
[Result "0-1"]
[Round "01"]
[TimeControl "180+1"]
[Date "2022.03.15"]
[WhiteClock "0:02:16"]
[BlackClock "0:02:28"]

1. d4 Nf6 2. Nc3 d5 3. Bf4 c5 4. e3 cxd4 5. exd4 a6 6. Nf3 Nc6 7. Be2 Bf5 8. O-O e6 9. Ne5 Rc8 10. Qd2 Be7 11. f3 Nxe5 12. dxe5 Nd7 13. g4 Bg6 14. Bg3 Qb6+ 15. Kg2 Qxb2 16. Na4 Qxc2 17. Qxc2 Rxc2 18. Rf2 b5 19. Bxb5 Rxf2+ 20. Kxf2 axb5 21. Nc3 b4 22. Nb5 O-O 23. Rc1 Bc5+ 24. Kg2 Ra8 25. f4 Be4+ 26. Kh3 Rxa2 27. Nd6 b3 0-1


[Site "https://www.chess.com"]

[Event "Titled Tuesday Blitz March 15 Early 2022"]
[White "Bluebaum, Matthias"]
[Black "Yedidia, Daniel"]
[WhiteFideId "24651516"]
[BlackFideId "30905907"]
[WhiteElo "2550"]
[BlackElo "2480"]
[Result "1-0"]
[Round "01"]
[TimeControl "180+1"]
[Date "2022.03.15"]
[WhiteClock "0:00:08"]
[BlackClock "0:00:05"]

1. b3 d5 2. Bb2 c5 3. e3 a6 4. Nf3 Nc6 5. d4 Nf6 6. Be2 Bf5 7. dxc5 e6 8. Nd4 Bxc5 9. Nxf5 exf5 10. O-O O-O 11. Nd2 d4 12. exd4 Bxd4 13. c3 Ba7 14. Qc2 Re8 15. Nf3 Ne4 16. Rad1 Qb6 17. Bd3 Rad8 18. Bc1 Qa5 19. b4 Qc7 20. a3 h6 21. c4 Bb8 22. g3 Qe7 23. c5 Ne5 24. Bxe4 fxe4 25. Qxe4 Rxd1 26. Rxd1 Qf6 27. Nxe5 Bxe5 28. f4 Bd4+ 29. Qxd4 Re1+ 30. Kf2 Qxd4+ 31. Rxd4 Rxc1 32. Rd8+ Kh7 33. Rd7 Ra1 34. Rxf7 Ra2+ 35. Kg1 Rxa3 36. Rxb7 Kg6 37. c6 Kf5 38. c7 Rc3 39. Kf2 Ke4 40. Kg2 g5 41. fxg5 hxg5 42. Kh3 Kf3 43. c8=Q Rxc8 44. Rf7+ Ke4 45. Kg4 Rh8 46. Rf6 Rxh2 47. Rxa6 Rb2 48. Re6+ Kd5 49. Rb6 Rb3 50. Rb8 Kc6 51. b5+ Kc7 52. Rg8 Rxb5 53. Rxg5 Rb4+ 54. Kh5 Kd6 55. Rf5 Ke6 56. g4 Rb8 57. Rf1 Rh8+ 58. Kg5 Rg8+ 59. Kh5 Rh8+ 60. Kg5 Rg8+ 61. Kh4 Rh8+ 62. Kg3 Rg8 63. Rf4 Ke5 64. Rf5+ Ke6 65. Kf4 Rb8 66. Kg3 Rg8 67. Rf3 Ke5 68. Rf4 Ke6 69. Kh4 Ke5 70. Rf5+ Ke6 71. Rf4 Ke5 72. Ra4 Rh8+ 73. Kg5 Rg8+ 74. Kh6 Kf6 75. g5+ Kf5 76. Ra5+ Ke6 77. g6 Rh8+ 78. Kg7 Rb8 79. Kh7 Kf6 80. Ra6+ Kg5 81. g7 1-0


[Site "https://www.chess.com"]

[Event "Titled Tuesday Blitz March 15 Early 2022"]
[White "Borodavkin, Anatoly"]
[Black "Hamitevici, Vladimir"]
[WhiteFideId "14150662"]
[BlackFideId "13902393"]
[WhiteElo "1845"]
[BlackElo "2359"]
[Result "0-1"]
[Round "01"]
[TimeControl "180+1"]
[Date "2022.03.15"]
[WhiteClock "0:00:02"]
[BlackClock "0:00:07"]

1. e4 g6 2. d4 Bg7 3. f4 d5 4. e5 h5 5. Nf3 Nh6 6. Bd3 Bf5 7. O-O e6 8. c3 O-O 9. h3 Nd7 10. Na3 a6 11. Nc2 c5 12. Be3 Rc8 13. Bf2 b5 14. Ne3 Bxd3 15. Qxd3 cxd4 16. cxd4 Qb6 17. Rfc1 b4 18. b3 Qb7 19. Qd2 a5 20. Rxc8 Rxc8 21. Rc1 Bf8 22. Rc2 Nb6 23. Qc1 Rxc2 24. Qxc2 Qc8 25. Qxc8 Nxc8 26. Kf1 Na7 27. Ke2 Nb5 28. Be1 Be7 29. Kd3 Bd8 30. Bd2 Kg7 31. Be1 Bb6 32. Bd2 Ng8 33. Nd1 Ne7 34. g4 hxg4 35. hxg4 Nc6 36. Be3 f6 37. Bf2 fxe5 38. fxe5 Bd8 39. Be3 Kf8 40. Bh6+ Kf7 41. Be3 Bb6 42. Bf2 Bc7 43. Be3 Bd8 44. Bf2 Be7 45. Be3 Bf8 46. Bf2 Bh6 47. Be3 Bxe3 48. Kxe3 Ke7 49. Kd3 Nca7 50. g5 Nc8 51. Nh4 Kf7 52. Nf3 Ne7 53. Nb2 Nf5 54. Na4 Ke7 55. Nc5 Nc3 56. Nb7 Nxa2 57. Nxa5 Nc1+ 58. Kd2 Ne2 59. Kd3 Nf4+ 60. Kd2 Nh3 61. Nc6+ Kd7 62. Nxb4 Ng3 63. Kd3 Ne4 64. Nc2 Nexg5 65. Nxg5 Nxg5 66. Ne3 Ne4 67. Ng4 g5 68. Ke3 Kc6 69. Nh6 Ng3 70. Nf7 Nf5+ 71. Kd3 g4 0-1


[Site "https://www.chess.com"]

[Event "Titled Tuesday Blitz March 15 Early 2022"]
[White "Bortnyk, Olexandr"]
[Black "Budrewicz, Krzysztof"]
[WhiteFideId "14120828"]
[BlackFideId "1127950"]
[WhiteElo "2723"]
[BlackElo "2248"]
[Result "1-0"]
[Round "01"]
[TimeControl "180+1"]
[Date "2022.03.15"]
[WhiteClock "0:00:02"]
[BlackClock "0:00:04"]

1. e4 c5 2. c3 Nf6 3. e5 Nd5 4. d4 cxd4 5. Nf3 e6 6. cxd4 d6 7. Bc4 Nb6 8. Bd3 N8d7 9. O-O dxe5 10. dxe5 Nc5 11. Bc2 Qxd1 12. Rxd1 Bd7 13. Nc3 a5 14. Be3 Be7 15. Ne4 Nxe4 16. Bxe4 Nc4 17. Bd4 a4 18. Bxb7 Rb8 19. Ba6 Na5 20. Rac1 Nc6 21. Bc3 Bc5 22. Ng5 Ke7 23. Rd2 h6 24. Nxf7 Rhf8 25. Nd6 Nb4 26. Bc4 Bc6 27. a3 Nd5 28. Bd4 Bxd4 29. Rxd4 Rxb2 30. Bxd5 Bxd5 31. f3 Rd8 32. Rxa4 Rd7 33. Rf4 Rxd6 34. exd6+ Kxd6 35. Rf7 g5 36. h3 Ra2 37. Rh7 Rxa3 38. Rxh6 Ke5 39. Re1+ Kf5 40. Rh8 Ra2 41. Rf8+ Kg6 42. Kh2 Kg7 43. Re8 Bxf3 44. Kg3 Bd5 45. h4 gxh4+ 46. Kxh4 Ra4+ 47. g4 Kf7 48. Rh8 Kg7 49. Rd8 Kf7 50. Kg5 Ke7 51. Rxd5 1-0


[Site "https://www.chess.com"]

[Event "Titled Tuesday Blitz March 15 Early 2022"]
[White "Buscar, Michael"]
[Black "Srihari L R"]
[WhiteFideId "2603616"]
[BlackFideId "46617116"]
[WhiteElo "2010"]
[BlackElo "2121"]
[Result "0-1"]
[Round "01"]
[TimeControl "180+1"]
[Date "2022.03.15"]
[WhiteClock "0:01:16"]
[BlackClock "0:01:50"]

1. c4 e5 2. Nf3 d6 3. Nc3 f5 4. d3 Nf6 5. g3 Be7 6. Bg2 O-O 7. O-O Nc6 8. Nd5 Nxd5 9. cxd5 Nb8 10. Nd2 Nd7 11. a4 a5 12. Nc4 b6 13. f4 Bf6 14. e4 fxe4 15. dxe4 Ba6 16. b3 exf4 17. gxf4 Bxa1 18. Qg4 Bd4+ 19. Kh1 Nf6 20. Qg3 Bxc4 21. bxc4 Qe8 22. Re1 Qh5 23. Bf3 Qg6 24. Qh3 Rae8 25. f5 Qf7 26. Re2 Nd7 27. Bh5 g6 28. Bh6 gxh5 29. Rg2+ Kh8 30. f6 Bxf6 0-1


[Site "https://www.chess.com"]

[Event "Titled Tuesday Blitz March 15 Early 2022"]
[White "Chen, Justin"]
[Black "Gaehwiler, Gabriel"]
[WhiteFideId "2098199"]
[BlackFideId "1314530"]
[WhiteElo "2424"]
[BlackElo "2383"]
[Result "0-1"]
[Round "01"]
[TimeControl "180+1"]
[Date "2022.03.15"]
[WhiteClock "0:00:13"]
[BlackClock "0:01:02"]

1. Nf3 Nf6 2. c4 b6 3. g3 Bb7 4. Bg2 g6 5. O-O Bg7 6. d4 O-O 7. b3 Ne4 8. Bb2 f5 9. Nfd2 Nd6 10. Bxb7 Nxb7 11. e4 e6 12. exf5 Rxf5 13. Ne4 Nc6 14. Qd2 d5 15. cxd5 exd5 16. Rc1 Nba5 17. Nec3 Nxd4 18. Qd3 Rf3 19. Qf1 c6 20. Nd2 Rf7 21. Qd3 Qg5 22. Kg2 Raf8 23. Rf1 Nf3 24. Nxf3 Rxf3 25. Qxf3 Rxf3 26. Kxf3 Qd2 27. Rab1 Bxc3 28. Rfd1 Qc2 0-1


[Site "https://www.chess.com"]

[Event "Titled Tuesday Blitz March 15 Early 2022"]
[White "Chernov, Mikhail"]
[Black "Bacrot, Etienne"]
[WhiteFideId "24143170"]
[BlackFideId "605506"]
[WhiteElo "2189"]
[BlackElo "2673"]
[Result "0-1"]
[Round "01"]
[TimeControl "180+1"]
[Date "2022.03.15"]
[WhiteClock "0:02:27"]
[BlackClock "0:02:34"]

1. e4 c5 2. Nf3 d6 3. Bb5+ Nd7 4. c3 a6 5. Ba4 b5 6. Bc2 Bb7 7. O-O e6 8. d4 Ngf6 9. Qe2 Be7 10. Rd1 Qc7 11. Bf4 O-O 12. h3 Rac8 13. Na3 cxd4 14. e5 Bxf3 15. Qxf3 dxe5 16. Bh2 Bxa3 17. bxa3 Qxc3 18. Qe2 Qxc2 0-1


[Site "https://www.chess.com"]

[Event "Titled Tuesday Blitz March 15 Early 2022"]
[White "Cramling Bellon, Anna"]
[Black "Tasev, Dejan"]
[WhiteFideId "32009232"]
[BlackFideId "936618"]
[WhiteElo "1905"]
[BlackElo "2253"]
[Result "1-0"]
[Round "01"]
[TimeControl "180+1"]
[Date "2022.03.15"]
[WhiteClock "0:00:03"]
[BlackClock "0:00:11"]

1. d4 Nf6 2. c4 g6 3. Nc3 Bg7 4. e4 d6 5. h3 O-O 6. Nf3 c5 7. d5 b5 8. cxb5 a6 9. Bd2 Nbd7 10. a4 Ne8 11. Bd3 Nc7 12. O-O Bb7 13. a5 axb5 14. Nxb5 Nxb5 15. Bxb5 Ba6 16. Qe2 Bxb5 17. Qxb5 Rb8 18. Qc6 Bxb2 19. Rab1 Bf6 20. Rxb8 Nxb8 21. Qb7 Qc8 22. Rb1 Na6 23. Qa7 Qa8 24. Rb7 c4 25. Bh6 Re8 26. e5 dxe5 27. d6 Nc5 28. d7 Rd8 29. Rc7 Ne6 30. Qxa8 Rxa8 31. Rc8+ Nd8 32. Rxa8 e6 33. Bg5 Bxg5 34. Nxg5 f6 35. Rxd8+ Kg7 36. Re8 c3 37. d8=Q c2 38. Qe7+ Kh6 39. Qxh7+ Kxg5 40. h4+ Kf5 41. g4+ Kf4 42. Rc8 e4 43. Qxg6 1-0


[Site "https://www.chess.com"]

[Event "Titled Tuesday Blitz March 15 Early 2022"]
[White "De Souza, Cristiano Gomes"]
[Black "Krishnan, Varun"]
[WhiteFideId "2151758"]
[BlackFideId "5054508"]
[WhiteElo "2068"]
[BlackElo "2586"]
[Result "1/2-1/2"]
[Round "01"]
[TimeControl "180+1"]
[Date "2022.03.15"]
[WhiteClock "0:00:04"]
[BlackClock "0:00:06"]

1. d4 d5 2. c4 e6 3. Nf3 Nf6 4. Nc3 Be7 5. Bg5 O-O 6. e3 h6 7. Bh4 Ne4 8. Bxe7 Qxe7 9. cxd5 Nxc3 10. bxc3 exd5 11. h3 c5 12. Qb3 c4 13. Qb2 Nc6 14. Be2 Rb8 15. O-O b5 16. a3 a5 17. Nd2 b4 18. axb4 axb4 19. cxb4 Qxb4 20. Qxb4 Rxb4 21. Bf3 Be6 22. Rfc1 Rc8 23. Nb1 Rb2 24. Nc3 Nb4 25. Ra5 Nd3 26. Rf1 Nb4 27. Rc1 Rxf2 28. Kxf2 Nd3+ 29. Kg3 Nxc1 30. Bxd5 Bxd5 31. Nxd5 Kh7 32. Rc5 Rd8 33. Nc3 Re8 34. Kf3 Nb3 35. Rc7 f5 36. Ke2 f4 37. e4 Nxd4+ 38. Kd2 Rb8 39. Rxc4 Rb2+ 40. Kd3 Ne6 41. Ne2 Rb3+ 42. Rc3 Rb4 43. Rc4 Rb3+ 44. Kd2 Rb6 45. Rc8 Kg6 46. Ke1 Rb1+ 47. Kf2 Rb2 48. Kf3 Ng5+ 49. Kf2 Nxe4+ 50. Kf3 Nd2+ 51. Kxf4 Rb4+ 52. Ke3 Ne4 53. Nf4+ Kh7 54. Nd5 Ra4 55. Re8 Ng5 56. Nc3 Ra3 57. Kd3 Ra7 58. Rd8 Rd7+ 59. Rxd7 Ne6 60. Nd5 Nc5+ 61. Kd4 Nxd7 62. Nf4 Nf8 63. Ke5 g5 64. Ne6 Nxe6 65. Kxe6 Kg6 66. g4 h5 67. Ke5 hxg4 68. hxg4 Kg7 69. Kf5 Kf7 70. Kxg5 Kg7 71. Kf5 Kf7 72. g5 Kg7 73. g6 Kg8 74. Kf6 Kf8 75. Kf5 Kg7 76. Kg5 Kg8 77. Kf6 Kf8 78. g7+ Kg8 79. Kg6 1/2-1/2


[Site "https://www.chess.com"]

[Event "Titled Tuesday Blitz March 15 Early 2022"]
[White "Dejmek, Mark"]
[Black "Csonka, Balazs"]
[WhiteFideId "2017628"]
[BlackFideId "742910"]
[WhiteElo "2229"]
[BlackElo "2404"]
[Result "0-1"]
[Round "01"]
[TimeControl "180+1"]
[Date "2022.03.15"]
[WhiteClock "0:00:02"]
[BlackClock "0:00:02"]

1. Nf3 Nf6 2. g3 g6 3. b4 Bg7 4. Bb2 O-O 5. Bg2 c6 6. c4 d5 7. cxd5 cxd5 8. O-O a6 9. d3 Nc6 10. a3 Re8 11. Nbd2 e5 12. e4 h6 13. Rc1 Be6 14. Re1 d4 15. Nc4 Qb8 16. Rc2 b5 17. Ncd2 Qb6 18. Qb1 Rac8 19. Rec1 Nd7 20. Nh4 a5 21. bxa5 Qa6 22. f4 Nf8 23. fxe5 Bxe5 24. Nhf3 Bg7 25. Qa1 Red8 26. e5 Bf5 27. Nxd4 Nxd4 28. Bxd4 Rxc2 29. Rxc2 Bxd3 30. Rc7 Qxa5 31. Qc3 Qxc3 32. Bxc3 Ne6 33. Rb7 Nd4 34. Bxd4 Rxd4 35. Nf3 Rd8 36. h4 Ra8 37. h5 Rxa3 38. e6 fxe6 39. hxg6 Bxg6 40. Nh4 Bd4+ 41. Kh2 Bd3 42. Kh3 Bf6 43. Nf3 Be4 0-1


[Site "https://www.chess.com"]

[Event "Titled Tuesday Blitz March 15 Early 2022"]
[White "Dixit, Nikhil"]
[Black "Bok, Benjamin"]
[WhiteFideId "5059534"]
[BlackFideId "1017063"]
[WhiteElo "2223"]
[BlackElo "2658"]
[Result "0-1"]
[Round "01"]
[TimeControl "180+1"]
[Date "2022.03.15"]
[WhiteClock "0:00:28"]
[BlackClock "0:00:22"]

1. e4 c5 2. Nf3 d6 3. Bb5+ Nd7 4. O-O a6 5. Bd3 Ngf6 6. Re1 e6 7. c3 Be7 8. Bc2 b5 9. d4 Bb7 10. Nbd2 Qc7 11. Nf1 O-O 12. Ng3 Rfc8 13. Re2 a5 14. Bg5 h6 15. Bf4 b4 16. Rc1 Ba6 17. Re1 e5 18. Nf5 Bf8 19. dxe5 dxe5 20. Be3 Rd8 21. Ra1 Nb6 22. Qc1 bxc3 23. bxc3 Nc4 24. Nxh6+ gxh6 25. Bxh6 Nh7 26. Bxf8 Rxf8 27. Nh4 Nd6 28. Qh6 Qe7 29. Re3 Qf6 30. Rg3+ Kh8 31. Ng6+ fxg6 32. Rxg6 Qxf2+ 33. Kh1 Qf1+ 34. Rxf1 Rxf1# 0-1


[Site "https://www.chess.com"]

[Event "Titled Tuesday Blitz March 15 Early 2022"]
[White "Donchenko, Alexander"]
[Black "Koridze, Lile"]
[WhiteFideId "24603295"]
[BlackFideId "13612514"]
[WhiteElo "2539"]
[BlackElo "1999"]
[Result "1-0"]
[Round "01"]
[TimeControl "180+1"]
[Date "2022.03.15"]
[WhiteClock "0:01:17"]
[BlackClock "0:00:57"]

1. d4 Nf6 2. Nf3 d5 3. c4 e6 4. g3 Bb4+ 5. Bd2 Be7 6. Bg2 O-O 7. O-O c6 8. Qc2 b6 9. Bf4 Bb7 10. Rd1 Nbd7 11. Ne5 Rc8 12. Nc3 Nxe5 13. dxe5 Nd7 14. cxd5 cxd5 15. e4 d4 16. Rxd4 Qc7 17. Rad1 Nxe5 18. Qa4 Bf6 19. Nb5 Qc5 20. Nd6 Rc7 21. Nxb7 Rxb7 22. R4d2 h6 23. Be3 Qe7 24. h3 Ng6 25. Rd7 Rxd7 26. Rxd7 Qe8 27. Rxa7 Qd8 28. Qd7 Qb8 29. Rb7 Qe5 30. Bxb6 Qxb2 31. f4 Qxa2 32. Bc5 Rd8 33. Qxf7+ Kh7 34. Qxf6 Rg8 35. Bd4 1-0


[Site "https://www.chess.com"]

[Event "Titled Tuesday Blitz March 15 Early 2022"]
[White "Dreev, Aleksey"]
[Black "Omariev, Maksim"]
[WhiteFideId "4100107"]
[BlackFideId "4193423"]
[WhiteElo "2625"]
[BlackElo "2460"]
[Result "1-0"]
[Round "01"]
[TimeControl "180+1"]
[Date "2022.03.15"]
[WhiteClock "0:00:36"]
[BlackClock "0:00:02"]

1. Nf3 d5 2. d4 c6 3. c4 Nf6 4. Qb3 g6 5. Nc3 Bg7 6. cxd5 cxd5 7. Bg5 e6 8. e3 O-O 9. Bd3 Nc6 10. O-O h6 11. Bh4 Bd7 12. Ne5 g5 13. Bg3 Na5 14. Qa3 Rc8 15. Rac1 a6 16. Na4 Bxa4 17. Rxc8 Qxc8 18. Qxa4 Qd8 19. Rc1 Nh5 20. Nd7 b5 21. Qb4 Nxg3 22. Nxf8 Bxf8 23. Qc3 Ne4 24. Qc8 Qxc8 25. Rxc8 Nc4 26. b3 Ncd6 27. Ra8 a5 28. Rxa5 Nc3 29. a3 Kg7 30. Kf1 Nb7 31. Ra7 Nd8 32. b4 Na4 33. Bxb5 Nb2 34. Be8 Nc4 35. Rd7 Nb7 36. Rxf7+ Kg6 37. Rxb7+ Kf5 38. Rf7+ Ke4 39. Rxf8 1-0


[Site "https://www.chess.com"]

[Event "Titled Tuesday Blitz March 15 Early 2022"]
[White "Dushyant Sharma"]
[Black "Nenezic, Marko"]
[WhiteFideId "25065130"]
[BlackFideId "912123"]
[WhiteElo "2105"]
[BlackElo "2457"]
[Result "0-1"]
[Round "01"]
[TimeControl "180+1"]
[Date "2022.03.15"]
[WhiteClock "0:00:04"]
[BlackClock "0:00:16"]

1. e4 c5 2. Nf3 Nc6 3. d4 cxd4 4. Nxd4 Nf6 5. Nc3 d6 6. f4 e6 7. Nf3 Be7 8. Bd3 O-O 9. O-O Nd7 10. Kh1 Nc5 11. Qe1 Nxd3 12. cxd3 b6 13. Be3 Ba6 14. Rd1 d5 15. exd5 exd5 16. Nd4 Nb4 17. Rf3 Nxd3 18. Qd2 Rc8 19. Rg3 Bf6 20. Bg1 Nc5 21. Nf5 Ne4 22. Nxe4 dxe4 23. Bd4 Bxd4 24. Qxd4 Qxd4 25. Nxd4 Rfd8 26. Rc3 Rc5 27. h3 h5 28. Kh2 Rcd5 29. Ra3 Bc8 30. Rc3 Bf5 31. Rc4 g6 32. a4 a5 33. Kg3 Bc8 34. Kf2 Ba6 35. Nc6 Rxd1 36. Nxd8 Rxd8 37. Rc6 Rd2+ 38. Ke3 Rxb2 39. Rxb6 0-1


[Site "https://www.chess.com"]

[Event "Titled Tuesday Blitz March 15 Early 2022"]
[White "Esipenko, Andrey"]
[Black "Urbina Perez, Juan Antonio"]
[WhiteFideId "24175439"]
[BlackFideId "2217368"]
[WhiteElo "2617"]
[BlackElo "2192"]
[Result "1-0"]
[Round "01"]
[TimeControl "180+1"]
[Date "2022.03.15"]
[WhiteClock "0:00:52"]
[BlackClock "0:00:02"]

1. e4 e5 2. Nf3 Nc6 3. Bc4 Bc5 4. c3 Nf6 5. d3 d6 6. O-O h6 7. h3 O-O 8. Re1 a6 9. a4 Be6 10. Bxe6 fxe6 11. Be3 Bxe3 12. Rxe3 Rb8 13. a5 d5 14. Nbd2 d4 15. cxd4 exd4 16. Re1 e5 17. Nc4 Qe7 18. Nh4 Qe6 19. Rc1 Ne8 20. Nf5 Nd6 21. Ncxd6 cxd6 22. Qg4 Qf6 23. Rf1 Kh7 24. f4 exf4 25. Qxf4 Ne5 26. Qd2 Qg6 27. Nxd4 d5 28. Rf5 Rxf5 29. exf5 Qg3 30. Re1 Qh4 31. Rxe5 Qxd4+ 32. Qe3 Qxb2 33. f6 Qb1+ 34. Kh2 Rg8 35. f7 Rf8 36. Qf3 Qb4 37. Qf5+ Kh8 38. Re8 Qd6+ 39. Kh1 Qc5 40. Qe5 1-0


[Site "https://www.chess.com"]

[Event "Titled Tuesday Blitz March 15 Early 2022"]
[White "Fathy, Elameir"]
[Black "Szpar, Milosz"]
[WhiteFideId "10600396"]
[BlackFideId "1184989"]
[WhiteElo "2409"]
[BlackElo "2792"]
[Result "0-1"]
[Round "01"]
[TimeControl "180+1"]
[Date "2022.03.15"]
[WhiteClock "0:00:04"]
[BlackClock "0:00:04"]

1. d4 Nf6 2. c4 c5 3. d5 e6 4. Nc3 exd5 5. cxd5 d6 6. e4 g6 7. h3 Bg7 8. Nf3 O-O 9. Bd3 a6 10. a4 Nbd7 11. O-O Nh5 12. Bg5 Bf6 13. Bh6 Re8 14. Nd2 Bg5 15. Bxg5 Qxg5 16. Nf3 Qf6 17. g3 Ne5 18. Nxe5 Rxe5 19. Kh2 Rg5 20. Be2 Bd7 21. h4 Re5 22. f4 Re7 23. Bxh5 gxh5 24. Qxh5 Kh8 25. Qg5 Qxg5 26. hxg5 Rae8 27. Kg2 b5 28. axb5 axb5 29. Ra7 b4 30. Nd1 Bh3+ 31. Kxh3 Rxa7 32. Nf2 c4 33. Rc1 Rc7 34. e5 c3 35. bxc3 Rxc3 36. Re1 b3 37. exd6 Rd8 38. Rb1 Re3 39. Ng4 Rc3 40. Ne5 Kg7 41. d7 h6 42. gxh6+ Kg8 43. Kg4 f6 44. h7+ Kxh7 45. Rh1+ Kg7 46. Nf3 Rxd7 47. Nd4 Rxd5 48. Nf5+ Kf8 49. Rh8+ Kf7 50. Rh7+ Ke8 51. Re7+ Kd8 52. Rb7 Rdd3 53. Ne7 Rd7 0-1


[Site "https://www.chess.com"]